 Dungeon Crawl Stone Soup version 0.31-a0-175-g9f7f995f2b (webtiles) character file.

Game seed: 14554411248581015097

67 qw the Chopper (level 4, -9/28 HPs)
             Began as a Gargoyle Fighter on June 16, 2023.
             Killed by divine providence
             ... invoked by an orc priest
              (14 damage)
             ... on level 2 of the Dungeon.
             The game lasted 00:00:54 (1194 turns).

qw the Chopper (Gargoyle Fighter)                   Turns: 1194, Time: 00:00:55

Health: -9/28      AC: 10    Str: 22    XL:     4   Next: 18%
Magic:  4/4        EV:  9    Int:  8    God:
Gold:   98         SH:  4    Dex:  9    Spells: 3/3 levels left

rFire   . . .        Y - +0 war axe
rCold   . . .        c - +0 buckler
rNeg    + . .        b - +0 scale mail
rPois   inf          (no helmet)
rElec   +            (no cloak)
rCorr   .            (no gloves)
SInv    .            (no boots)
Will    .....        (no amulet) Stlth
                     (no ring)
HPRegen 0.24/turn    (no ring)
MPRegen 0.09/turn

%: no passive effects
@: no status effects
A: sickness immunity, AC +3, negative energy resistance 1, electricity
resistance, torment resistance 1, petrification resistance
a: no special abilities


You were on level 2 of the Dungeon.
You visited 1 branch of the dungeon, and saw 3 of its levels.

You collected 98 gold pieces.


Innate Abilities, Weirdness & Mutations

You are immune to sickness and miasma.
Your stone body is resilient. (AC +3)
You are immune to poison.
You resist negative energy. (rN+)
You are resistant to electric shocks. (rElec)
You are resistant to unholy torment.
You are immune to petrification.


   Skills:
 - Level 3.2 Fighting
 + Level 3.9 Axes
 - Level 3.2 Armour
 - Level 3.2 Shields


You had 3 spell levels left.
You didn't know any spells.
Your spell library was empty.

Inventory:

Hand Weapons
 h - a +1 heavy mace
 Y - a +0 war axe (weapon)
Armour
 a - a +0 kite shield
 b - a +0 scale mail (worn)
 c - a +0 buckler (worn)
Scrolls
 i - 2 scrolls of identify
Potions
 d - a potion of might
 e - a potion of attraction
 f - a potion of mutation {unknown}
 g - a potion of enlightenment {unknown}
 k - a potion of haste {unknown}

Dungeon Overview and Level Annotations

Branches:
Dungeon (3/15)

Altars:
Fedhas
The Shining One


Message History

1171 ||| FLEEEEING.
1172 ||| FLEEEEING.
1173 ||| FLEEEEING.
You see here a worm corpse.
1174 ||| FLEEEEING.
1179 ||| FLEEEEING.
You start resting.
A hobgoblin is nearby!
You hit the hobgoblin but do no damage. The hobgoblin closely misses you.
The hobgoblin hits you but does no damage.
You closely miss the orc. You hit the hobgoblin.
The hobgoblin hits you but does no damage.
The orc closely misses you.
You slash the hobgoblin!
You kill the hobgoblin!
You barely miss the orc. The orc hits you with a +0 hand axe.
The orc closely misses you.
You hit the orc priest but do no damage.
You slash the orc!
You kill the orc!
You slash the orc priest!
The orc priest is almost dead.
The orc priest hits you with a +0 flail!
You closely miss the orc priest.
The orc priest is almost dead.
The orc priest invokes the aid of Beogh against you.
Beogh smites you!
The orc priest calls down the wrath of Beogh upon you.
Pain shoots through your body!
You barely miss the orc priest.
The orc priest is almost dead.
The orc priest hits you but does no damage.
You closely miss the orc priest.
The orc priest is almost dead.
The orc priest hits you with a +0 flail.
The orc priest invokes the aid of Beogh against you.
Beogh smites you!
Ouch! That really hurt!
You die...

...........##.# ...........##%#
#.._..#.# .# ...........##.#
###.....#.# #.# ..........)##.#
#<........###.# ...........##.##
#.............# ...........##..#
#.............#
##############.###.............#
#.......o#.............#
#......)@#>............#
#......................#
#.........############.#
#.........# #.# #.........#
#####.# #.........# #.....#
#.........# #.##..## #.........#
# #.##.... ......[...
..####.###.##


You could see an orc priest.

Vanquished Creatures
  2 adders (D:2)
  2 worms (D:2)
  3 dart slugs
  An orc (D:2)
  A ball python (D:1)
  A bat (D:1)
  2 endoplasms
  3 giant cockroaches (D:2)
  5 hobgoblins
  3 quokkas
  4 frilled lizards
  A goblin (D:1)
  5 kobolds (D:1)
  4 rats
37 creatures vanquished.

Notes
Turn   | Place    | Note
-------+----------+-------------------------------------------
     0 | D:1      | qw the Gargoyle Fighter began the quest for the Orb.
     0 | D:1      | Reached XP level 1. HP: 14/14 MP: 1/1
     0 | D:1      | 0 ||| qw: Version: 0.2-a-29-g511e9b1
     0 | D:1      | 0 ||| qw: Game counter: 5725
     0 | D:1      | 0 ||| qw: Always use a shield: true
     0 | D:1      | 0 ||| qw: God list: Okawaru
     0 | D:1      | 0 ||| qw: Allow faded altars: false
     0 | D:1      | 0 ||| qw: Do Orc after D:15 true
     0 | D:1      | 0 ||| qw: Do second Lair branch before Depths: true
     0 | D:1      | 0 ||| qw: Lair rune preference: random
     0 | D:1      | 0 ||| qw: Plans: Normal, Zot:1-4, Slime:5, God:TSO, Crypt,
                  | Tomb, Abyss, Pan, Hells, Win
     0 | D:1      | 0 ||| PLANNING D:1-11
    15 | D:1      | Found a faded altar of an unknown god.
   129 | D:1      | 129 ||| DROPPING +0 whip.
   217 | D:1      | Reached XP level 2. HP: 12/19 MP: 2/2
   405 | D:1      | 405 ||| Stepping ~*~*~tactically~*~*~ (hiding).
   554 | D:1      | Reached skill level 3 in Axes
   611 | D:1      | Reached XP level 3. HP: 23/23 MP: 3/3
   794 | D:1      | 794 ||| READING scroll labelled UROX ORIOLLA.
   795 | D:1      | 795 ||| READING 2 scrolls labelled GEMYDU NISE.
   796 | D:1      | 796 ||| READING scroll labelled MUUG NUAXENOM.
   797 | D:1      | 797 ||| DRINKING 2 clear potions.
   854 | D:2      | You fall into a shaft and drop 1 floor!
   854 | D:3      | Found a glowing golden altar of the Shining One.
   945 | D:2      | Found a blossoming altar of Fedhas.
  1123 | D:2      | Reached XP level 4. HP: 26/28 MP: 4/4
  1149 | D:2      | 1149 ||| FLEEEEING.
  1150 | D:2      | 1150 ||| FLEEEEING.
  1151 | D:2      | 1151 ||| FLEEEEING.
  1152 | D:2      | 1152 ||| FLEEEEING.
  1153 | D:2      | 1153 ||| FLEEEEING.
  1154 | D:2      | 1154 ||| FLEEEEING.
  1155 | D:2      | 1155 ||| FLEEEEING.
  1156 | D:2      | 1156 ||| FLEEEEING.
  1157 | D:2      | 1157 ||| FLEEEEING.
  1158 | D:2      | 1158 ||| FLEEEEING.
  1159 | D:2      | 1159 ||| FLEEEEING.
  1160 | D:2      | 1160 ||| FLEEEEING.
  1164 | D:2      | 1164 ||| FLEEEEING.
  1165 | D:2      | 1165 ||| FLEEEEING.
  1166 | D:2      | 1166 ||| FLEEEEING.
  1171 | D:2      | 1171 ||| FLEEEEING.
  1172 | D:2      | 1172 ||| FLEEEEING.
  1173 | D:2      | 1173 ||| FLEEEEING.
  1174 | D:2      | 1174 ||| FLEEEEING.
  1179 | D:2      | 1179 ||| FLEEEEING.
  1194 | D:2      | HP: 5/28 [orc priest/+0 flail (6)]
  1194 | D:2      | Killed from afar by an orc priest

Levels and vault maps discovered:
D:1:      eino_arrival_tree_alley, layout_loops_cross,
          hellmonk_ecumenical_altar_lost_god
D:2:      layout_basic, basic_altar
D:3:      layout_loops_ring, nicolae_tso_carved_into_rock, st_stairs_8,
          chequers_garden, uniq_robin

Skill      XL: |  1  2 |
---------------+-------+-----
Axes           | 2 3 |  3.9
Fighting       | |  3.2
Armour         | |  3.2
Shields        | |  3.2

Action                     |  1- 3 |  4- 6 || total
---------------------------+-------+-------++-------
  Melee: War axe           |   144 |    11 ||   155
    Use: Scroll            |     3 |       ||     3
         Potion            |     1 |       ||     1
 Armour: Scale mail        |    71 |     5 ||    76
  Dodge: Dodged            |    66 |     4 ||    70
  Block: Buckler           |    26 |       ||    26

Table legend:
 A = Non-vault XP
 B = Vault XP
 C = Vault XP percentage of total XP
 D = Non-vault monster count
 E = Vault monster count
 F = Vault count percentage of total count
                 A         B        C        D         E       F
            +---------+---------+-------+---------+---------+-------
      Total |      95 |       2 |   2.1 |      36 |       1 |   2.7
            +---------+---------+-------+---------+---------+-------
        D:1 |      36 |       0 |   0.0 |      22 |       0 |   0.0
        D:2 |      55 |       0 |   0.0 |      13 |       0 |   0.0
        D:3 |       4 |       2 |  33.3 |       1 |       1 |  50.0
            +---------+---------+-------+---------+---------+-------
